 Dungeon Crawl Stone Soup version 0.24-a0-784-g601f8f6d22 (webtiles) character file.

Game seed: 1014543590692159055, levelgen mode: deterministic

8269 CryoSword the Fighter (level 11, -11/72 HPs)
             Began as a Gargoyle Earth Elementalist on Oct 9, 2019.
             Was an Elder of Dithmenos.
             Mangled by an Executioner (14 damage)
             ... on level 1 of the Abyss.
             The game lasted 01:02:49 (12366 turns).

CryoSword the Fighter (GrEE)                       Turns: 12366, Time: 01:02:49

Health: -11/72     AC: 20    Str: 13    XL:     11   Next: 28%
Magic:  7/13       EV: 11    Int: 19    God:    Dithmenos [****..]
Gold:   550        SH:  5    Dex: 14    Spells: 12/18 levels left

rFire    . . .     SeeInvis .   q - +2 falchion (protect)
rCold    . . .     Gourm    .   y - +0 buckler
rNeg     + . .     Faith    .   E - +3 scale mail of Classification {Int+2 Dex+3}
rPois    ∞         Spirit   .   D - +1 helmet
rElec    +         Reflect  .   (no cloak)
rCorr    .         Harm     .   m - +1 pair of gloves
MR       .....                  (no boots)
Stlth    ++++......             (no amulet)
HPRegen  0.22/turn              (no ring)
MPRegen  0.13/turn              (no ring)

@: wreathed by umbra
A: [deformed body], [low mp 2], negative energy resistance 1, electricity
resistance, unbreathing, petrification resistance, rot immunity, AC +8
a: Shadow Step, Renounce Religion


You were on level 1 of the Abyss.
You worshipped Dithmenos.
Dithmenos was greatly pleased with you.
You were hungry.

You visited 2 branches of the dungeon, and saw 10 of its levels.
You visited the Abyss 1 time.
You also visited: Sewer.

You collected 550 gold pieces.

Inventory:

Hand Weapons
 q - a +2 falchion of protection (weapon)
   (You took it off an orc on level 4 of the Dungeon)
 C - a +0 antimagic flail
   (You took it off an orc on level 5 of the Dungeon)
 F - a +2 dire flail of distortion {!w}
   (You took it off Harold on level 7 of the Dungeon)
Missiles
 a - 21 poisoned darts (quivered)
 b - 73 stones
 t - 3 throwing nets {!f}
Armour
 m - a +1 pair of gloves (worn)
   (You found it on level 2 of the Dungeon)
 s - a +1 leather armour of fire resistance
   (You took it off an orc on level 4 of the Dungeon)
 w - the +1 robe of Irew {SInv}
   (You found it on level 5 of the Dungeon)

   It lets you see invisible.
 y - a +0 buckler (worn)
   (You found it on level 5 of the Dungeon)
 D - a +1 helmet (worn)
   (You found it on level 6 of the Dungeon)
 E - the +3 scale mail of Classification (worn) {Int+2 Dex+3}
   (You took it off an orc on level 6 of the Dungeon)

   It affects your intelligence (+2).
   It affects your dexterity (+3).
Jewellery
 v - an uncursed ring of fire
   (You found it on level 5 of the Dungeon)
Wands
 g - a wand of digging (4)
   (You found it on level 4 of the Dungeon)
 j - a wand of acid (2)
   (You found it on level 6 of the Dungeon)
 B - a wand of iceblast (5)
   (You found it on level 5 of the Dungeon)
Scrolls
 f - a scroll of magic mapping
 p - a scroll of teleportation {unknown}
 A - 3 scrolls of identify {@r1}
Potions
 c - 5 potions of agility {unknown}
 e - 2 potions of cancellation {unknown}
 h - a potion of lignification {unknown}
 i - a potion of brilliance {unknown}
 k - 2 potions of flight {unknown}
 l - 4 potions of curing {@q1}
 n - 2 potions of invisibility {unknown}
 o - 2 potions of heal wounds {unknown}
 u - a potion of haste {unknown}
 x - 3 potions of degeneration {unknown}
 z - a potion of might
Comestibles
 d - 18 rations {!d}


   Skills:
 * Level 9.9 Fighting
 * Level 7.3 Armour
 + Level 4.2 Dodging
 + Level 8.9 Stealth
 - Level 4.1 Shields
 - Level 4.0 Spellcasting
 - Level 4.0 Conjurations
 - Level 3.0 Transmutations
 + Level 7.9 Earth Magic


You had 12 spell levels left.
You knew the following spells:

 Your Spells              Type           Power        Failure   Level  Hunger
a - Sandblast             Erth           ####..       1%          1    None
b - Passwall              Tmut/Erth      ###.....     9%          2    ##.....
c - Stone Arrow           Conj/Erth      ####..       14%         3    ###....

Your spell library contained the following spells:

 Spells                   Type           Power        Failure   Level  Hunger
 Magic Dart               Conj           ###.         10%         1    None
 Petrify                  Tmut/Erth      ###.....     50%         4    ####...
 Lee's Rapid Deconstruct  Erth           ####......   50%         5    ######.
 Conjure Flame            Conj/Fire      ##......     56%         3    ###....
 Blink                    Tloc           N/A          61%         2    ##.....
 Call Imp                 Summ           #.......     61%         2    ##.....
 Slow                     Hex            #.......     61%         2    ##.....
 Mephitic Cloud           Conj/Pois/Air  #.......     65%         3    ###....


Dungeon Overview and Level Annotations

Branches:
Dungeon (9/15)             Temple (1/1) D:4            Lair (0/6) D:8
    Orc (0/2) D:9           Sewer (visited)

Altars:
Ashenzari
Cheibriados
Dithmenos
Elyvilon
Fedhas
Gozag
Hepliaklqana
Kikubaaqudgha
Makhleb
Nemelex Xobeh
Okawaru
Qazlal
Ru
Sif Muna
Trog
Uskayaw
Vehumet
Wu Jian
Xom
Yredelemnul
Zin
The Shining One

Annotations:
D:9 Erolcha


Innate Abilities, Weirdness & Mutations

You are resistant to torment.
Your stone body is resilient. (AC +8)
You are immune to poison.
You resist negative energy. (rN+)
You are resistant to electric shocks. (rElec)
You can survive without breathing.
You are immune to petrification.
You are immune to rotting.
[Armour fits poorly on your strangely shaped body.]
[Your magical capacity is very low. (-20% MP)]


Message History

Found a glowing leather armour.
Press: ? - help, v - describe, . - travel The floor.
This square is wreathed by an umbra.
There is a cloud of blue smoke here.
The worldbinder calls forth creatures from the Snake Pit!
Unknown command.
The mana viper disappears in a puff of smoke!
The worldbinder calls forth creatures from the Snake Pit!
The worldbinder calls forth creatures from the Snake Pit!
The naga disappears in a puff of smoke!
The mana viper disappears in a puff of smoke!
The black mamba bites you but does no damage.
The naga misses you. The black mamba barely misses you.
You block the black mamba's attack.
The black mamba bites you but does no damage.
The ufetubus shouts!
You block the black mamba's attack.
The ufetubus hits you but does no damage.
The ufetubus barely misses you. The black mamba bites you.
A wraith comes into view.
The ufetubus hits you but does no damage. x2
The black mamba bites you but does no damage.
The black mamba bites you but does no damage.
The black mamba disappears in a puff of smoke!
The ufetubus hits you but does no damage.
You block the ufetubus's attack.
The naga disappears in a puff of smoke!
You block the ufetubus's attack. The ufetubus barely misses you.
The worldbinder calls forth creatures from the Snake Pit!
The ufetubus barely misses you.
The ufetubus hits you but does no damage.
You block the black mamba's attack.
The worldbinder calls forth creatures from the Snake Pit!
You block the black mamba's attack.
The naga disappears in a puff of smoke!
The black mamba bites you.
The black mamba bites you but does no damage.
The black mamba closely misses you.
You riposte.
You hit the black mamba.
Your weapon exudes an aura of protection.
The black mamba is lightly wounded.
You block the black mamba's attack.
An Executioner comes into view.
The naga spits poison at you.
The splash of poison hits you but does no damage.
You resist.
The wretched star pulses with an eldritch light!
You feel less energetic. x2; Your body twists and deforms.
Okay, then.
Okay, then.
You block the black mamba's attack. The wraith hits you but does no damage.
The black mamba bites you!
The worldbinder calls forth creatures from the Snake Pit!
You block the black mamba's attack.
A mana viper comes into view.
The worldbinder calls forth creatures from the Snake Pit!
You block the black mamba's attack.
The mana viper disappears in a puff of smoke!
The black mamba disappears in a puff of smoke!
An Executioner comes into view.
The Executioner gives a hideous shriek!
Found a ration.
The Executioner gestures at you. Pain shoots through your body!
The Executioner hits you! The Executioner hits you.
The Executioner hits you but does no damage.
The Executioner hits you!
* * * LOW HITPOINT WARNING * * *
You block the Executioner's attack.
The Executioner hits you but does no damage.
The mana viper bites you!
* * * LOW HITPOINT WARNING * * *
You feel your power leaking away.
The Executioner hits you but does no damage.
The Executioner hits you.
* * * LOW HITPOINT WARNING * * *
The Executioner hits you.
* * * LOW HITPOINT WARNING * * *
The Executioner hits you!
* * * LOW HITPOINT WARNING * * *
You block the Executioner's attack. The Executioner hits you.
* * * LOW HITPOINT WARNING * * *
The Executioner gestures.
The Executioner seems to speed up.
The mana viper closely misses you.
You riposte.
Your scale mail of Classification prevents you from hitting the mana viper.
The mana viper disappears in a puff of smoke!
The Executioner hits you but does no damage.
The Executioner barely misses you. x2; The Executioner hits you.
* * * LOW HITPOINT WARNING * * *
The Executioner hits you but does no damage.
The Executioner hits you.
* * * LOW HITPOINT WARNING * * *
You are feeling hungry.
The Executioner hits you.
* * * LOW HITPOINT WARNING * * *
The Executioner hits you but does no damage.
The Executioner closely misses you. The Executioner hits you!
You die...

.. .#... . # #.#
..... ##.# .# ..
##.# ##.#.#.
.##.....# #...#.#
#.##.... #
#....##.#..#.# S #
##..#W.##.5#...... .
#...1S...##.###S..#.
###@#x...#.#..D5 .#
#.#....D#. #.# .##
..##......### # .
#.##....##.# #. ..
#.#..##..% . .##
##....#..#.# ##. #
#....#.#. # #.#
#########. # . ## .#


You could see an Executioner, a mana viper, a wraith and an ufetubus.

Vanquished Creatures
  Harold (D:7)
  A wolf spider zombie (D:7)
  Pikel (D:6)
  A centaur zombie (D:7)
  2 hellwings (D:6)
  A meliai zombie (D:7)
  A hippogriff (D:8)
  A human (D:7)
  Sigmund (D:4)
  A yak (D:6)
  3 hogs (D:6)
  A small abomination (Abyss:1)
  A hungry ghost (D:7)
  2 wargs
  Duvessa (D:4)
  Purgy (Sewer)
  5 orc warriors
  2 black bears
  A sky beast (D:8)
  3 ogres
  A phantom (D:4)
  A necrophage (D:6)
  The ghost of stillor the Ruffian, an amateur DrTm (D:3)
  2 centaurs
  3 bullfrogs
  A wyvern zombie (D:7)
  Dowan (D:4)
  2 wyvern skeletons
  2 scorpions
  5 killer bees (D:9)
  3 howler monkeys
  A wight (D:3)
  6 crimson imps
  A bullfrog zombie (D:6)
  3 hounds
  2 jellies (D:7)
  11 orc wizards
  2 bullfrog skeletons
  9 orc priests
  3 centaur skeletons (D:7)
  2 iguanas
  5 worker ants
  A killer bee zombie (D:9)
  A hound skeleton (D:6)
  A howler monkey skeleton (D:4)
  12 adders
  4 shadow imps (D:7)
  An adder zombie (D:6)
  An ooze (D:2)
  An adder skeleton (D:7)
  4 worms
  A dart slug (D:3)
  3 leopard geckos
  30 orcs
  6 giant cockroaches
  8 goblins
  17 hobgoblins
  15 jackals
  A quokka (D:8)
  10 bats
  13 frilled lizards
  A jackal zombie (D:6)
  10 kobolds
  A leopard gecko skeleton (D:6)
  2 quokka skeletons
  8 rats
250 creatures vanquished.

Vanquished Creatures (others)
  3 slaves (D:7)
  A bullfrog (D:7)
  A shadow imp (D:7)
5 creatures vanquished.

Grand Total: 255 creatures vanquished

Notes
Turn   | Place    | Note
-------+----------+-------------------------------------------
     0 | D:1      | CryoSword the Gargoyle Earth Elementalist began the quest
                  | for the Orb.
     0 | D:1      | Reached XP level 1. HP: 10/10 MP: 3/3
   223 | D:1      | Reached XP level 2. HP: 11/16 MP: 1/5
   598 | D:1      | Reached skill level 1 in Fighting
   620 | D:1      | Reached XP level 3. HP: 13/20 MP: 3/6
  1953 | D:2      | Reached XP level 4. HP: 25/25 MP: 7/7
  2057 | D:2      | Learned a level 2 spell: Passwall
  2061 | D:2      | Learned a level 3 spell: Stone Arrow
  2941 | D:3      | Reached XP level 5. HP: 24/30 MP: 8/8
  2945 | D:3      | Found a snail-covered altar of Cheibriados.
  3116 | D:3      | Found a transporter.
  3132 | D:3      | Noticed stillor's ghost (amateur DrTm)
  3166 | D:3      | Reached skill level 5 in Earth Magic
  3219 | D:3      | Reached skill level 1 in Conjurations
  3477 | D:3      | Found an ornate altar of the Wu Jian Council.
  3480 | D:3      | Noticed a centaur
  3495 | D:3      | Killed a centaur
  3495 | D:3      | Reached skill level 2 in Fighting
  3749 | D:3      | Reached XP level 6. HP: 35/35 MP: 5/10
  3893 | D:3      | Found a transporter.
  4125 | D:4      | Noticed a phantom
  4139 | D:4      | Killed a phantom
  4172 | D:4      | Found a glowing drain.
  4260 | Sewer    | Entered a sewer
  4392 | Sewer    | Noticed Purgy
  4410 | Sewer    | Killed Purgy
  4410 | Sewer    | Reached XP level 7. HP: 40/40 MP: 6/11
  4570 | D:4      | Noticed Duvessa
  4631 | D:4      | Found a staircase to the Ecumenical Temple.
  4633 | D:4      | Noticed Dowan
  4654 | D:4      | Killed Duvessa
  4654 | D:4      | Reached skill level 3 in Fighting
  4656 | D:4      | Killed Dowan
  4676 | Temple   | Entered the Ecumenical Temple
  4794 | Temple   | Became a worshipper of Dithmenos the Shadowed
  5333 | D:4      | Noticed Sigmund
  5627 | D:4      | Killed Sigmund
  5627 | D:4      | Reached skill level 5 in Stealth
  5627 | D:4      | Reached XP level 8. HP: 38/48 MP: 10/13
  5788 | D:5      | Entered Level 5 of the Dungeon
  5857 | D:5      | Got a heavy robe
  5868 | D:5      | Reached skill level 4 in Fighting
  5868 | D:5      | Reached skill level 1 in Transmutations
  5985 | D:5      | Found a shimmering altar of Xom.
  6061 | D:5      | Found a shimmering altar of Xom.
  6063 | D:5      | Found a shimmering altar of Xom.
  6065 | D:5      | Found a shimmering altar of Xom.
  6100 | D:5      | Reached * piety under Dithmenos
  6459 | D:5      | Reached skill level 1 in Shields
  6803 | D:6      | Reached skill level 5 in Fighting
  7146 | D:6      | Reached XP level 9. HP: 54/54 MP: 11/15
  7283 | D:6      | Reached ** piety under Dithmenos
  7449 | D:6      | Identified the +3 scale mail of Classification {Int+2
                  | Dex+3}
  7879 | D:6      | Reached skill level 6 in Fighting
  8004 | D:6      | Found a burning altar of Makhleb.
  8187 | D:3      | Killed stillor's ghost
  8385 | D:7      | Noticed a hellwing
  8398 | D:7      | Noticed a hellwing
  8423 | D:7      | Reached skill level 1 in Armour
  8475 | D:7      | Reached skill level 7 in Fighting
  8694 | D:7      | Noticed Harold
  8799 | D:6      | Killed a hellwing
  8799 | D:6      | Reached XP level 10. HP: 52/64 MP: 2/16
  8915 | D:7      | Noticed Pikel
  8938 | D:6      | Killed Pikel
  8938 | D:6      | Reached skill level 8 in Fighting
  9238 | D:6      | Reached skill level 5 in Armour
  9251 | D:6      | Reached *** piety under Dithmenos
  9329 | D:7      | Found a radiant altar of Vehumet.
  9981 | D:7      | Reached skill level 9 in Fighting
 10313 | D:7      | Killed Harold
 10313 | D:7      | Reached XP level 11. HP: 40/71 MP: 0/17
 10752 | D:8      | Identified the +1 robe of Irew {SInv} (You found it on
                  | level 5 of the Dungeon)
 10956 | D:8      | Found a staircase to the Lair.
 10997 | D:8      | Noticed a four-headed hydra
 11849 | D:9      | Found a staircase to the Orcish Mines.
 12045 | D:9      | Reached **** piety under Dithmenos
 12179 | D:9      | Noticed Erolcha
 12181 | D:9      | Cast into level 1 of the Abyss (Erolcha)
 12240 | Abyss:1  | Noticed a tentacled starspawn
 12302 | Abyss:1  | Noticed a wretched star
 12302 | Abyss:1  | Noticed a bone dragon
 12317 | Abyss:1  | Noticed a worldbinder
 12320 | Abyss:1  | Noticed a mana viper
 12331 | Abyss:1  | Noticed a mana viper
 12350 | Abyss:1  | Noticed an Executioner
 12354 | Abyss:1  | Noticed a mana viper
 12354 | Abyss:1  | Noticed a mana viper
 12355 | Abyss:1  | Noticed a mana viper
 12355 | Abyss:1  | Noticed a mana viper
 12358 | Abyss:1  | Noticed an Executioner
 12366 | Abyss:1  | HP: 3/72 [Executioner (2)]
 12366 | Abyss:1  | Mangled by an Executioner

Levels and vault maps discovered:
D:1:      dpeg_arrival_solitude, layout_basic, serial_glass, glass_columns_b,
          glass_columns_c, glass_columns_a, glass_columns_a, glass_columns_a,
          glass_columns_b
D:2:      layout_basic
D:3:      layout_loops_ring, lemuel_crystal_altar, first_ration,
          gammafunk_ghost_arena, kennysheep_slug_shrine
D:4:      layout_basic, minmay_temple_entry_sparse_star,
          cheibrodos_sewer_entry_sluice, uniq_duvessa, uniq_sigmund
D:5:      layout_basic, xom_redecorated
D:6:      layout_loops_ring, minmay_misc_feat_columns, minmay_liquid_box,
          makhleb_blood_cavern_becter
D:7:      cheibrodos_grave_circle, layout_cave_pools, vehumet_crystals,
          grunt_livestock, uniq_pikel, uniq_harold
D:8:      layout_basic, erik_lair_orcish_takeover
D:9:      layout_basic, david_orc_3, gammafunk_ghost_split, uniq_erolcha,
          uniq_joseph
Temple:   regret_index_temple_chain_breaker
Abyss:1

Skill      XL: |  1  2  3  4  5  6  7  8  9 10 11 |
---------------+----------------------------------+-----
Earth Magic    | 4 5 6 7 |  7.9
Fighting       | 1 2 3 5 7 9 |  9.9
Stealth        | 3 4 5 6 7 8 |  8.9
Conjurations   | 1 2 3 4 |  4.0
Spellcasting   | 3 4 |  4.0
Transmutations | 2 3 |  3.0
Shields        | 3 4 |  4.1
Armour         | 3 6 7 |  7.3
Dodging        | 2 3 4 |  4.2

Action                   |  1- 3 |  4- 6 |  7- 9 | 10-12 || total
-------------------------+-------+-------+-------+-------++-------
Melee: Hand axe          |    32 |       |       |       ||    32
       Dagger            |    24 |       |       |       ||    24
       Whip              |    41 |    70 |       |       ||   111
       Flail             |       |    11 |     8 |     7 ||    26
       Falchion          |       |       |   273 |   209 ||   482
Throw: Stone             |     1 |       |       |       ||     1
       Dart              |     5 |    10 |     8 |    33 ||    56
 Cast: Sandblast         |    36 |    64 |   110 |    57 ||   267
       Stone Arrow       |       |     1 |    38 |    54 ||    93
Evoke: Wand              |       |       |     3 |     7 ||    10
  Use: Scroll            |       |     4 |     4 |     3 ||    11
 Stab: Sleeping          |     4 |     7 |     9 |     1 ||    21
       Distracted        |       |       |     1 |     1 ||     2
  Eat: Chunk             |     4 |     8 |    15 |    12 ||    39
       Ration            |       |       |     1 |     1 ||     2
Armor: Robe              |    36 |    26 |    22 |       ||    84
       Troll leather arm |       |       |   183 |   141 ||   324
       Leather armour    |       |       |    26 |       ||    26
       Scale mail        |       |       |       |   130 ||   130
Dodge: Dodged            |    54 |    66 |   286 |   232 ||   638
Block: Buckler           |       |       |    48 |   101 ||   149
       Rpst.: Falchion   |       |       |    63 |    65 ||   128

Table legend:
 A = Non-vault XP
 B = Vault XP
 C = Vault XP percentage of total XP
 D = Non-vault monster count
 E = Vault monster count
 F = Vault count percentage of total count
                 A         B        C        D         E       F
            +---------+---------+-------+---------+---------+-------
      Total |    4889 |    6925 |  58.6 |     196 |      54 |  21.6
            +---------+---------+-------+---------+---------+-------
        D:1 |      55 |       0 |   0.0 |      33 |       0 |   0.0
        D:2 |     106 |       0 |   0.0 |      27 |       0 |   0.0
        D:3 |     168 |     204 |  54.8 |      21 |       7 |  25.0
        D:4 |     302 |     430 |  58.7 |      24 |       5 |  17.2
        D:5 |     501 |       0 |   0.0 |      14 |       0 |   0.0
        D:6 |    1084 |    2225 |  67.2 |      36 |       9 |  20.0
        D:7 |     797 |    3075 |  79.4 |      14 |      11 |  44.0
        D:8 |    1023 |     499 |  32.8 |      13 |       9 |  40.9
        D:9 |     551 |     333 |  37.7 |      11 |       7 |  38.9
     Temple |     131 |       0 |   0.0 |       2 |       0 |   0.0
    Abyss:1 |     171 |       0 |   0.0 |       1 |       0 |   0.0
      Sewer |       0 |     159 | 100.0 |       0 |       6 | 100.0
            +---------+---------+-------+---------+---------+-------
